[Event "Thursday 25 January Rapid Engine Tour 12+1 Rounds 9 Starts 1600 ST"]
[Site "Infinity Chess"]
[Date "2018.1.25"]
[Round "2"]
[White "OlivierEvan"]
[Black "ivrdurant"]
[Result "1/2-1/2"]
[ECO "E11"]
[WhiteElo "2379"]
[BlackElo "2378"]
[WhiteEngine "Houdini 6"]
[BlackEngine "Raubfisch X37b3._CTG"]
[EventType "Swiss"]
[WhiteTeam ""]
[BlackTeam ""]
[PlyCount "147"]
[TimeControl "720+1"]

1. d4 Nf6 2. c4 e6 3. Nf3 Bb4+ 4. Bd2 Be7 5. Nc3 d5 6. Bf4 O-O 7. e3 Nbd7 
8. Be2 dxc4 9. O-O a6 10. a4 Nd5 11. Bg3 c5 12. Bxc4 cxd4 13. exd4 N7b6 
14. Bb3 a5 15. h3 Bd7 16. Ne5 Rc8 17. Qd3 Bc6 18. Nxc6 Rxc6 19. Nb5 Nb4 
20. Qf3 N6d5 21. Be5 Qd7 22. Rad1 Rd8 23. Rfe1 b6 24. Qg3 Bf8 25. Qg4 Rdc8 
26. Qf3 Nc2 27. Rf1 Ncb4 28. h4 h6 29. Qg3 Rd8 30. Rfe1 Nc2 31. Re2 Ncb4 
32. Qf3 Be7 33. Qh3 Rdc8 34. Ree1 Bf6 35. Qg3 Kh7 36. Nd6 Rd8 37. Ne4 Qe7 
38. Rf1 Rg8 39. h5 Qd7 40. Rc1 Be7 41. Qf3 Rxc1 42. Rxc1 Rf8 43. Nc3 Nf6 
44. Nb5 Rc8 45. Rc3 Nc6 46. Bxf6 Bxf6 47. d5 exd5 48. Bc2+ Kg8 49. Bf5 Qe8 
50. Re3 Ne5 51. Qd1 Rc5 52. f4 Qc6 53. Nd4 Rc1 54. Nxc6 Rxd1+ 55. Kf2 d4 
56. Re4 g6 57. fxe5 gxf5 58. Rxd4 Rc1 59. Rd6 Rc2+ 60. Kg3 Bg5 61. Nd4 f4+ 
62. Kf3 Rxb2 63. Nf5 b5 64. axb5 Rxb5 65. Ke4 Rb4+ 66. Kf3 a4 67. Nxh6+ Bxh6 
68. Rxh6 Rb5 69. Ra6 Rxe5 70. Rxa4 Rxh5 71. Rxf4 Kg7 72. Rg4+ Kf6 73. Rf4+ Kg7 
74. Ra4 1/2-1/2

[Event "Thursday 25 January Rapid Engine Tour 12+1 Rounds 9 Starts 1600 ST"]
[Site "Infinity Chess"]
[Date "2018.1.25"]
[Round "2"]
[White "MarioDeMonti"]
[Black "KhalidOmar"]
[Result "1/2-1/2"]
[ECO "C55"]
[WhiteElo "2424"]
[BlackElo "2453"]
[WhiteEngine "stockfish_x64_bmi2_2018_01_13_CTG"]
[BlackEngine "Eman 1.67a 64-bit BMI2"]
[EventType "Swiss"]
[WhiteTeam ""]
[BlackTeam ""]
[PlyCount "108"]
[TimeControl "720+1"]

1. e4 e5 2. Nf3 Nc6 3. Bc4 Nf6 4. d3 Bc5 5. O-O a5 6. c3 d6 7. Re1 O-O 
8. Nbd2 Be6 9. Bb5 Ne7 10. d4 Ba7 11. Nf1 exd4 12. Nxd4 Ng6 13. Ba4 h6 
14. Be3 Bc8 15. Ng3 Ng4 16. Ngf5 Bxf5 17. Nxf5 Nxe3 18. Nxe3 Rb8 19. Bc2 b5 
20. g3 b4 21. cxb4 Rxb4 22. b3 Ne5 23. Qe2 Bxe3 24. Qxe3 c5 25. Rad1 Rd4 
26. Kg2 Qb6 27. a3 Rb8 28. Rc1 Qa6 29. Rb1 Qc8 30. Red1 Nc6 31. Re1 Qb7 
32. Qc3 Qe7 33. Rbc1 h5 34. f4 h4 35. Kh1 h3 36. Re3 Qe6 37. Kg1 a4 
38. Rce1 axb3 39. Bxb3 Qd7 40. e5 dxe5 41. fxe5 Nd8 42. e6 Nxe6 43. Rxe6 Rd3 
44. Re8+ Rxe8 45. Rxe8+ Qxe8 46. Bxf7+ Kxf7 47. Qxd3 Qe6 48. Kf2 c4 49. Qf3+ Kg8 
50. Qe3 Qd5 51. Qf3 Qd4+ 52. Qe3 Qd5 53. Qf3 Qd4+ 54. Qe3 Qd5 1/2-1/2

[Event "Thursday 25 January Rapid Engine Tour 12+1 Rounds 9 Starts 1600 ST"]
[Site "Infinity Chess"]
[Date "2018.1.25"]
[Round "2"]
[White "Satria_Ungu"]
[Black "BraveDevil"]
[Result "1/2-1/2"]
[ECO "A46"]
[WhiteElo "2366"]
[BlackElo "2397"]
[WhiteEngine "Houdini 6_CTG"]
[BlackEngine "Cryptic AIL V2"]
[EventType "Swiss"]
[WhiteTeam ""]
[BlackTeam ""]
[PlyCount "105"]
[TimeControl "720+1"]

1. d4 Nf6 2. Nf3 e6 3. c4 b6 4. g3 Bb7 5. Bg2 Be7 6. Bf4 d6 7. Nc3 Ne4 
8. Bd2 Bf6 9. Qc2 Nxd2 10. Qxd2 O-O 11. O-O Nd7 12. Rfe1 a6 13. Rac1 Rb8 
14. d5 b5 15. dxe6 fxe6 16. cxb5 axb5 17. b4 Qe7 18. Red1 Ba8 19. h4 h6 
20. Qd3 Bxc3 21. Qxc3 c5 22. Qe3 c4 23. Nd4 Bxg2 24. Kxg2 Ne5 25. f4 Ng4 
26. Qf3 e5 27. Nc6 Qe6 28. Nxb8 exf4 29. gxf4 Ne3+ 30. Kf2 Nxd1+ 31. Rxd1 Rxb8 
32. Qd5 Qxd5 33. Rxd5 c3 34. Ke1 Ra8 35. Rxd6 Rxa2 36. Rc6 Ra4 37. e3 Rxb4 
38. Rxc3 Rb2 39. Rc7 Rh2 40. Rb7 Rxh4 41. Rxb5 Rh2 42. e4 Rh4 43. Rb8+ Kf7 
44. Rb7+ Kg6 45. f5+ Kf6 46. Rb6+ Ke5 47. Rb5+ Kf4 48. f6 gxf6 49. Rf5+ Kg3 
50. Rxf6 Rxe4+ 51. Kf1 h5 52. Kg1 Rb4 53. Rg6+ 1/2-1/2

[Event "Thursday 25 January Rapid Engine Tour 12+1 Rounds 9 Starts 1600 ST"]
[Site "Infinity Chess"]
[Date "2018.1.25"]
[Round "2"]
[White "neófito"]
[Black "angriff"]
[Result "1/2-1/2"]
[ECO "A40"]
[WhiteElo "2407"]
[BlackElo "2408"]
[WhiteEngine "BrainFish_180124_x64_bmi2"]
[BlackEngine "Stockfish SL FA POPCNT_CTG"]
[EventType "Swiss"]
[WhiteTeam ""]
[BlackTeam ""]
[PlyCount "96"]
[TimeControl "720+1"]

1. d4 c6 2. c4 Nf6 3. Nf3 d5 4. Nc3 dxc4 5. a4 Bf5 6. Ne5 e6 7. f3 Bb4 
8. e4 Bxe4 9. fxe4 Nxe4 10. Bd2 Qxd4 11. Nxe4 Qxe4+ 12. Qe2 Bxd2+ 13. Kxd2 Qd5+ 
14. Kc2 Na6 15. Nxc4 O-O 16. Qe5 f6 17. Qxd5 cxd5 18. Nd6 Rab8 19. Ra3 Rfd8 
20. Nb5 Nb4+ 21. Kb1 Nc6 22. Bd3 g6 23. Rc1 e5 24. Rac3 Rd7 25. Na3 d4 
26. Rb3 Rf8 27. Rb5 Re7 28. Be4 f5 29. Bxc6 bxc6 30. Rbc5 e4 31. Rxc6 Rd8 
32. Rc8 Ree8 33. Rxd8 Rxd8 34. Kc2 d3+ 35. Kd2 f4 36. Nc4 e3+ 37. Nxe3 fxe3+ 
38. Kxe3 Rb8 39. b3 Rxb3 40. Rc8+ Kf7 41. Rc7+ Kf6 42. Rxa7 Rb2 43. Kxd3 Rxg2 
44. Rxh7 Ra2 45. h3 Rxa4 46. Ke2 Ke6 47. h4 Kf6 48. Kf3 Ra3+ 1/2-1/2

[Event "Thursday 25 January Rapid Engine Tour 12+1 Rounds 9 Starts 1600 ST"]
[Site "Infinity Chess"]
[Date "2018.1.25"]
[Round "2"]
[White "Dovahkiin"]
[Black "star99"]
[Result "1/2-1/2"]
[ECO "A00"]
[WhiteElo "2433"]
[BlackElo "2425"]
[WhiteEngine "BrainFish_180113_x64_modern_CTG"]
[BlackEngine "Cryptic AIL V2"]
[EventType "Swiss"]
[WhiteTeam ""]
[BlackTeam ""]
[PlyCount "82"]
[TimeControl "720+1"]

1. e3 e5 2. e4 Nf6 3. Nc3 Bb4 4. Nf3 O-O 5. Nxe5 d5 6. Nd3 Bxc3 7. dxc3 dxe4 
8. Nf4 Qxd1+ 9. Kxd1 Rd8+ 10. Ke1 Nc6 11. Ne2 h6 12. Ng3 a5 13. f3 Re8 
14. Kf2 Bd7 15. Be2 Ne5 16. Re1 Bc6 17. Be3 Re6 18. Rad1 exf3 19. gxf3 Rae8 
20. Bd2 g5 21. h3 Nd5 22. Nh5 Nf6 23. Ng3 Nd5 24. h4 gxh4 25. Nf5 Rf6 
26. Rg1+ Kh7 27. Nxh4 Nf4 28. Bxf4 Rxf4 29. Rd4 Rf6 30. a3 h5 31. f4 Kh6 
32. Rg5 Rxf4+ 33. Rxf4 Kxg5 34. Rf5+ Kh6 35. Rxh5+ Kg7 36. Nf5+ Kf6 37. Ne3 Rg8 
38. Rh6+ Ke7 39. Rh5 Kf6 40. Rh6+ Ke7 41. Rh5 Kf6 1/2-1/2

[Event "Thursday 25 January Rapid Engine Tour 12+1 Rounds 9 Starts 1600 ST"]
[Site "Infinity Chess"]
[Date "2018.1.25"]
[Round "2"]
[White "Coco69"]
[Black "hafaba"]
[Result "0-1"]
[ECO "B00"]
[WhiteElo "2437"]
[BlackElo "2435"]
[WhiteEngine "Raubfisch X37b4_CTG"]
[BlackEngine "Stockfish SL FA POPCNT_CTG"]
[EventType "Swiss"]
[WhiteTeam ""]
[BlackTeam ""]
[PlyCount "150"]
[TimeControl "720+1"]

1. e4 Nc6 2. d4 d5 3. e5 Bf5 4. c3 e6 5. Nd2 Qd7 6. f4 h5 7. Be2 h4 8. Ngf3 h3 
9. g3 Nh6 10. O-O Be7 11. Ne1 a5 12. Nd3 Na7 13. Re1 O-O-O 14. a3 Kb8 15. Nf2 f6 
16. Nf3 a4 17. Nh4 c5 18. Nxf5 Nxf5 19. g4 Nh4 20. Nxh3 Nc6 21. Qd3 Rdf8 
22. Be3 Na5 23. Rf1 Nc4 24. Kh1 Qc6 25. Bg1 cxd4 26. Bxd4 Bd8 27. Rf2 g5 
28. exf6 gxf4 29. Nxf4 e5 30. Nh5 exd4 31. Qg3+ Ka8 32. Qxh4 d3 33. Bf1 Bb6 
34. Rf4 d2 35. Bg2 Nxb2 36. Rff1 Nc4 37. Rfd1 Qd6 38. Ra2 Bc7 39. Rdxd2 Nxd2 
40. Rxd2 Rxf6 41. Bxd5 Qxa3 42. Qe1 Qxc3 43. Qd1 Rd6 44. Qxa4+ Kb8 45. Qd4 Qxd4 
46. Rxd4 Rhd8 47. Nf4 R6d7 48. Re4 Bxf4 49. Bb3 Bc7 50. Re2 Rd3 51. Bc2 Rd2 
52. Rxd2 Rxd2 53. Be4 Rxh2+ 54. Kg1 Bf4 55. Bd5 Rb2 56. Bg8 b5 57. Kf1 b4 
58. Be6 b3 59. Bc4 Rb1+ 60. Ke2 b2 61. Bd3 Ra1 62. Bc2 b1=Q 63. Bxb1 Rxb1 
64. Kd3 Re1 65. Kd4 Kc7 66. Kd5 Bg5 67. Kc5 Re4 68. Kd5 Rxg4 69. Ke6 Rf4 
70. Kd5 Bf6 71. Ke6 Kc6 72. Kf7 Kd6 73. Kf8 Ke6 74. Kg8 Rh4 75. Kf8 Rh8# 0-1

[Event "Thursday 25 January Rapid Engine Tour 12+1 Rounds 9 Starts 1600 ST"]
[Site "Infinity Chess"]
[Date "2018.1.25"]
[Round "2"]
[White "ocirema"]
[Black "Wolle"]
[Result "1/2-1/2"]
[ECO "C77"]
[WhiteElo "2455"]
[BlackElo "2466"]
[WhiteEngine "stockfish_18012314_x64_modern_CTG"]
[BlackEngine "Raubfisch X37a2_CTG"]
[EventType "Swiss"]
[WhiteTeam ""]
[BlackTeam ""]
[PlyCount "121"]
[TimeControl "720+1"]

1. e4 e5 2. Nf3 Nc6 3. Bb5 a6 4. Ba4 Nf6 5. O-O Be7 6. Re1 b5 7. Bb3 O-O 
8. a4 b4 9. d4 d6 10. dxe5 dxe5 11. Nbd2 Bc5 12. h3 Na5 13. Qe2 Qd6 14. Nc4 Nxc4 
15. Bxc4 Bb7 16. Bd3 a5 17. Be3 Bb6 18. Rad1 Rfd8 19. Nh4 Bxe3 20. Qxe3 g6 
21. Nf3 Qe7 22. Qh6 Qc5 23. Kh2 Re8 24. b3 Rad8 25. Nd2 Rd6 26. Qe3 Qxe3 
27. Rxe3 Rd4 28. Nc4 Bxe4 29. Nxa5 Bd5 30. Ree1 Kf8 31. Bb5 Rxd1 32. Rxd1 Ra8 
33. Nc4 Be4 34. Ne3 Ke7 35. f3 Bb7 36. Bc4 Ra7 37. Kg3 Nh5+ 38. Kf2 Nf4 
39. h4 Ra5 40. Bb5 c6 41. Bf1 Nd5 42. Bd3 Nxe3 43. Kxe3 Bc8 44. h5 Be6 
45. hxg6 hxg6 46. g4 Ra7 47. g5 Ra5 48. Be4 c5 49. Bc6 c4 50. bxc4 Rc5 
51. Bd5 Ra5 52. Ke4 f6 53. Bxe6 Kxe6 54. gxf6 Rxa4 55. f7 Kxf7 56. Kxe5 Ra2 
57. Rd7+ Ke8 58. Rb7 Rxc2 59. Rxb4 g5 60. f4 gxf4 61. Kxf4 1/2-1/2

[Event "Thursday 25 January Rapid Engine Tour 12+1 Rounds 9 Starts 1600 ST"]
[Site "Infinity Chess"]
[Date "2018.1.25"]
[Round "2"]
[White "CrapCleaner"]
[Black "Prometheus"]
[Result "0-1"]
[ECO "C55"]
[WhiteElo "2470"]
[BlackElo "2468"]
[WhiteEngine "SF-McBrain-v40_bmi2_CTG"]
[BlackEngine "Eman 1.67-64bit-IDeA"]
[EventType "Swiss"]
[WhiteTeam ""]
[BlackTeam ""]
[PlyCount "54"]
[TimeControl "720+1"]

1. e4 e5 2. Nf3 Nc6 3. Bc4 Nf6 4. d3 Bc5 5. c3 d6 6. O-O a5 7. Bg5 h6 8. Bh4 g5 
9. Bg3 O-O 10. Nbd2 Be6 11. a3 Ba7 12. b4 Qd7 13. b5 Ne7 14. a4 Rae8 15. Re1 Bg4 
16. Nb3 Ng6 17. Nxa5 d5 18. Ba2 h5 19. h3 Bxh3 20. Nxg5 h4 21. Bh2 Bg4 
22. Qd2 h3 23. exd5 hxg2 24. d4 e4 25. Nc4 Kg7 26. Ne5 Qf5 27. Bb1 Rh8 0-1

[Event "Thursday 25 January Rapid Engine Tour 12+1 Rounds 9 Starts 1600 ST"]
[Site "Infinity Chess"]
[Date "2018.1.25"]
[Round "2"]
[White "Marsell"]
[Black "SkyPilot"]
[Result "1/2-1/2"]
[ECO "B90"]
[WhiteElo "2492"]
[BlackElo "2476"]
[WhiteEngine "asmFishW_2018-01-11_popcnt"]
[BlackEngine "stockfish_x64_bmi2_2018_01_13_CTG"]
[EventType "Swiss"]
[WhiteTeam ""]
[BlackTeam ""]
[PlyCount "154"]
[TimeControl "720+1"]

1. e4 c5 2. Nf3 d6 3. d4 cxd4 4. Nxd4 Nf6 5. Nc3 a6 6. Be3 e5 7. Nb3 Be6 
8. f3 h5 9. Qd2 Nbd7 10. Nd5 Bxd5 11. exd5 g6 12. Be2 Bg7 13. O-O b6 14. c4 O-O 
15. Rae1 Re8 16. Bf2 Qc7 17. Bd3 Kh7 18. a4 Bh6 19. Qd1 Rab8 20. Bh4 Kg7 
21. Re2 Rec8 22. Kh1 Ra8 23. Rc2 Rab8 24. Re2 Ra8 25. Rc2 Rab8 26. Nc1 Qb7 
27. Ne2 b5 28. cxb5 Rxc2 29. Qxc2 axb5 30. Bxb5 Nxd5 31. Rb1 Ne3 32. Qd3 Nf5 
33. Bf2 h4 34. Bxd7 Qxd7 35. a5 Qa4 36. b4 Rxb4 37. Rxb4 Qxb4 38. a6 Qa4 
39. a7 Qa1+ 40. Bg1 h3 41. f4 Bxf4 42. Qxh3 Be3 43. a8=Q Qxa8 44. Bxe3 d5 
45. Qf3 Nxe3 46. Qxe3 Qb8 47. Qc5 Qb1+ 48. Ng1 Qe4 49. h3 d4 50. Nf3 d3 
51. Kh2 Qf4+ 52. Kg1 Qe4 53. Qb6 Qf4 54. Qc5 Kh7 55. Qf2 Qc1+ 56. Kh2 Kg7 
57. h4 Qf4+ 58. g3 Qe4 59. Nd2 Qe2 60. Kg1 Qd1+ 61. Kg2 f5 62. Qe3 e4 
63. Qd4+ Kh7 64. Qe3 Qc2 65. Qg5 Qc6 66. Qe7+ Kh8 67. Qf8+ Kh7 68. Qf7+ Kh6 
69. g4 e3+ 70. Kg3 Qd6+ 71. Kf3 fxg4+ 72. Kxe3 Qc5+ 73. Kxd3 Qf5+ 74. Qxf5 gxf5 
75. h5 Kxh5 76. Ke3 Kg5 77. Kd3 Kh5 1/2-1/2

[Event "Thursday 25 January Rapid Engine Tour 12+1 Rounds 9 Starts 1600 ST"]
[Site "Infinity Chess"]
[Date "2018.1.25"]
[Round "2"]
[White "Eman"]
[Black "Ninja_Bp"]
[Result "1/2-1/2"]
[ECO "A40"]
[WhiteElo "2462"]
[BlackElo "2436"]
[WhiteEngine "Eman 1.67a 64-bit POPCNT"]
[BlackEngine "Houdini 6_CTG"]
[EventType "Swiss"]
[WhiteTeam ""]
[BlackTeam ""]
[PlyCount "99"]
[TimeControl "720+1"]

1. d4 c6 2. e4 d5 3. e5 c5 4. Nf3 cxd4 5. Nxd4 Nc6 6. c4 e6 7. Nc3 Bc5 
8. Nxc6 bxc6 9. cxd5 exd5 10. Bd3 Ne7 11. O-O Bf5 12. Na4 Bd4 13. Bf4 O-O 
14. Rc1 Ng6 15. Bxf5 Nxf4 16. g3 Qg5 17. Bg4 Bxe5 18. Rxc6 h5 19. Bd7 h4 
20. Qg4 Qxg4 21. Bxg4 Nd3 22. Rd1 Nb4 23. Rc5 Nxa2 24. Rcxd5 Bf6 25. Rd7 Nb4 
26. Bh5 a5 27. b3 Rab8 28. Be2 Nc6 29. Nc5 Rfd8 30. R1d6 Rdc8 31. Ne4 Ne5 
32. Ra7 Rxb3 33. Kg2 Bd8 34. Rd5 Bb6 35. Rb7 f6 36. Bd1 Rb2 37. Kh3 Rc4 
38. Ng5 fxg5 39. Rxe5 Rcb4 40. Bg4 Rxf2 41. Rxg5 Bd4 42. Rd7 hxg3 43. hxg3 Rf1 
44. Be6+ Kh7 45. Rxa5 Kh6 46. Bf5 g6 47. Rd6 Rxf5 48. Rxf5 Rb6 49. Rxb6 Bxb6 
50. Rf7 1/2-1/2

[Event "Thursday 25 January Rapid Engine Tour 12+1 Rounds 9 Starts 1600 ST"]
[Site "Infinity Chess"]
[Date "2018.1.25"]
[Round "2"]
[White "Time_bandit"]
[Black "RonWeasley"]
[Result "1/2-1/2"]
[ECO "A46"]
[WhiteElo "2467"]
[BlackElo "2523"]
[WhiteEngine "asmfish-popcnt-012018-W"]
[BlackEngine "BrainFish 130117_CTG"]
[EventType "Swiss"]
[WhiteTeam ""]
[BlackTeam ""]
[PlyCount "59"]
[TimeControl "720+1"]

1. d4 Nf6 2. Nf3 d5 3. e3 e6 4. Bd3 b6 5. b3 Bd6 6. Nbd2 O-O 7. e4 dxe4 
8. Nxe4 Bb7 9. Nxd6 Qxd6 10. O-O Nc6 11. Bb2 Rad8 12. a3 Nd5 13. g3 Nce7 
14. Ne5 Nf6 15. Re1 Nf5 16. Bxf5 exf5 17. c4 Rfe8 18. d5 Ne4 19. Rc1 Rxe5 
20. Bxe5 Qxe5 21. f3 c6 22. fxe4 fxe4 23. Qd2 cxd5 24. cxd5 Bxd5 25. Rc4 Re8 
26. Rd4 Bc6 27. Qc3 Bd5 28. Qd2 Bc6 29. Qc3 Bd5 30. Qd2 1/2-1/2

[Event "Thursday 25 January Rapid Engine Tour 12+1 Rounds 9 Starts 1600 ST"]
[Site "Infinity Chess"]
[Date "2018.1.25"]
[Round "1"]
[White "hafaba"]
[Black "Satria_Ungu"]
[Result "1/2-1/2"]
[ECO "A04"]
[WhiteElo "2438"]
[BlackElo "2363"]
[WhiteEngine "Stockfish SL FA POPCNT_CTG"]
[BlackEngine "Houdini 6_CTG"]
[EventType "Swiss"]
[WhiteTeam ""]
[BlackTeam ""]
[PlyCount "145"]
[TimeControl "720+1"]

1. Nf3 c5 2. e4 d6 3. d4 cxd4 4. Nxd4 Nf6 5. Nc3 a6 6. Be2 e5 7. Nb3 Be7 
8. O-O Be6 9. Bf3 O-O 10. a4 Nbd7 11. a5 Qc7 12. Be3 Rac8 13. Re1 Qc6 
14. Nc1 Bd8 15. Nd3 b6 16. Nb4 Qc4 17. Ra4 Qc7 18. Ncd5 Bxd5 19. exd5 e4 
20. axb6 Nxb6 21. Rxa6 Qb7 22. Be2 Nbxd5 23. Nxd5 Nxd5 24. Bd4 Nb4 25. Ra7 Qb8 
26. c3 Nc6 27. Ra2 Nxd4 28. Qxd4 Qb3 29. Qa4 Qd5 30. Bf1 f5 31. Rd1 Qe6 
32. Bb5 Rc7 33. Qa6 Be7 34. Ra4 Kh8 35. Rc4 Rxc4 36. Bxc4 Qd7 37. Qa5 Qb7 
38. b4 e3 39. fxe3 Qe4 40. Qc7 Qxe3+ 41. Kh1 f4 42. Qc6 f3 43. gxf3 Bf6 
44. b5 Be5 45. Qe4 Qxc3 46. Rb1 Qd2 47. Qe2 Qg5 48. b6 d5 49. Bb3 d4 50. Bc4 Qf4 
51. Re1 Bb8 52. Qg2 Qd6 53. Re6 Qa3 54. Qf1 Qb2 55. Qg2 Qc3 56. Re7 g6 
57. Bf1 Bd6 58. Re6 Bc5 59. b7 d3 60. Rc6 d2 61. Rxc5 Qxc5 62. Qxd2 Rb8 
63. Qb2+ Kg8 64. Kg2 Qc6 65. Bd3 Rxb7 66. Qa2+ Rf7 67. Be4 Qc1 68. Bd5 Qg5+ 
69. Kf1 Qf4 70. Bxf7+ Qxf7 71. Qxf7+ Kxf7 72. Kf2 Kf6 73. h3 1/2-1/2

[Event "Thursday 25 January Rapid Engine Tour 12+1 Rounds 9 Starts 1600 ST"]
[Site "Infinity Chess"]
[Date "2018.1.25"]
[Round "1"]
[White "ivrdurant"]
[Black "Eman"]
[Result "0-1"]
[ECO "C55"]
[WhiteElo "2392"]
[BlackElo "2448"]
[WhiteEngine "Raubfisch X37b3._CTG"]
[BlackEngine "Eman 1.67a 64-bit POPCNT"]
[EventType "Swiss"]
[WhiteTeam ""]
[BlackTeam ""]
[PlyCount "72"]
[TimeControl "720+1"]

1. e4 e5 2. Nf3 Nc6 3. Bc4 Nf6 4. d3 Bc5 5. O-O a5 6. c3 d6 7. Bg5 O-O 8. a4 h6 
9. Bh4 g5 10. Bg3 Kg7 11. Na3 Ne7 12. Nc2 Bb6 13. Ne3 Ng6 14. Bb3 Bxe3 
15. fxe3 Nh5 16. Be1 g4 17. Nd2 Qg5 18. Qe2 Nf6 19. d4 h5 20. Rd1 b6 21. Bc2 h4 
22. Nb1 g3 23. h3 Ng4 24. hxg4 Bxg4 25. Rf3 Qh5 26. Nd2 d5 27. Qb5 Rad8 
28. exd5 f5 29. dxe5 Nxe5 30. d6 c5 31. Qxb6 Bxf3 32. gxf3 Rd7 33. Qb5 f4 
34. exf4 Rxf4 35. Qe2 Rxd6 36. Be4 Re6 0-1

[Event "Thursday 25 January Rapid Engine Tour 12+1 Rounds 9 Starts 1600 ST"]
[Site "Infinity Chess"]
[Date "2018.1.25"]
[Round "1"]
[White "Time_bandit"]
[Black "OlivierEvan"]
[Result "1-0"]
[ECO "D05"]
[WhiteElo "2453"]
[BlackElo "2393"]
[WhiteEngine "asmfish-popcnt-012018-W"]
[BlackEngine "Houdini 6"]
[EventType "Swiss"]
[WhiteTeam ""]
[BlackTeam ""]
[PlyCount "211"]
[TimeControl "720+1"]

1. d4 d5 2. Nf3 Nf6 3. e3 e6 4. Bd3 b6 5. b3 Bb7 6. O-O Bd6 7. c4 O-O 
8. Bb2 Nbd7 9. Nc3 Re8 10. Nb5 Bf8 11. Qe2 a6 12. Nc3 Bd6 13. Rfd1 c5 
14. cxd5 exd5 15. Rac1 g6 16. Qf1 Nf8 17. Be2 Ne6 18. Na4 Nd7 19. dxc5 bxc5 
20. Bc4 Nc7 21. Qd3 Bc6 22. Qc3 f6 23. Bf1 Rb8 24. Qc2 Bf8 25. g3 Qe7 
26. Ne1 Qf7 27. Nd3 Bxa4 28. bxa4 g5 29. Ne1 c4 30. Bg2 Nc5 31. Bc3 Ne4 
32. Bxe4 Rxe4 33. Nf3 Rc8 34. Rd2 h6 35. Rb1 Ne8 36. Qd1 Rd8 37. Rdb2 Nd6 
38. Rb6 Ree8 39. Rxa6 Ne4 40. Bd4 Qh5 41. Bxf6 Rd7 42. Bd4 c3 43. Ne1 g4 
44. Ng2 Qf5 45. Qc2 Bd6 46. Rc6 Rf8 47. Nf4 Nxg3 48. Qxf5 Nxf5 49. Bxc3 Bxf4 
50. exf4 d4 51. Bb4 Rfd8 52. a5 d3 53. Rd1 Kh7 54. a6 d2 55. a4 Nh4 56. Rb6 h5 
57. Rb7 Kg6 58. Ba5 Rxb7 59. axb7 Rb8 60. Bxd2 Nf3+ 61. Kg2 Nxd2 62. Rxd2 Rxb7 
63. a5 Kf5 64. Rd4 Ra7 65. Rd5+ Kxf4 66. Rxh5 Ra8 67. h3 gxh3+ 68. Kxh3 Kf3 
69. Rf5+ Ke4 70. Rb5 Kf3 71. Rf5+ Ke4 72. Rf6 Ke5 73. Rb6 Ke4 74. a6 Kf4 
75. Rb4+ Kf3 76. Rb3+ Kf4 77. Ra3 Ra7 78. Ra5 Ra8 79. Ra4+ Kf3 80. Ra3+ Kf4 
81. Ra4+ Kf3 82. Ra3+ Kf4 83. a7 Rh8+ 84. Kg2 Rg8+ 85. Kf1 Ra8 86. Ra5 Kg4 
87. Kg2 Kf4 88. Ra4+ Kg5 89. Kf3 Kf5 90. Ra5+ Ke6 91. Ke4 Kd6 92. Kf5 Ke7 
93. Kg6 Rg8+ 94. Kh7 Ra8 95. Kg7 Kd7 96. f4 Kc7 97. Ra1 Kd6 98. f5 Ke5 
99. f6 Rc8 100. a8=Q Rc7+ 101. f7 Rc3 102. Re1+ Re3 103. Rxe3+ Kd4 104. Qa7+ Kd5 
105. f8=Q Kc4 106. Qfc5# 1-0

[Event "Thursday 25 January Rapid Engine Tour 12+1 Rounds 9 Starts 1600 ST"]
[Site "Infinity Chess"]
[Date "2018.1.25"]
[Round "1"]
[White "BraveDevil"]
[Black "ocirema"]
[Result "1/2-1/2"]
[ECO "D31"]
[WhiteElo "2395"]
[BlackElo "2457"]
[WhiteEngine "Cryptic AIL V2"]
[BlackEngine "stockfish_18012314_x64_modern_CTG"]
[EventType "Swiss"]
[WhiteTeam ""]
[BlackTeam ""]
[PlyCount "55"]
[TimeControl "720+1"]

1. d4 d5 2. c4 e6 3. Nc3 c6 4. e4 dxe4 5. Nxe4 Bb4+ 6. Bd2 Qxd4 7. Bxb4 Qxe4+ 
8. Ne2 Na6 9. Bf8 Ne7 10. Bxg7 Nb4 11. Qd6 Nd3+ 12. Kd2 Nf5 13. Qxd3 Qxd3+ 
14. Kxd3 Nxg7 15. Kc3 b6 16. g4 Bb7 17. Bg2 O-O-O 18. Rad1 c5 19. Bxb7+ Kxb7 
20. h4 Kc6 21. Rxd8 Rxd8 22. Ng3 f5 23. g5 e5 24. f3 Rd4 25. Ne2 Rd8 26. Ng3 Rd4 
27. Ne2 Rd8 28. Ng3 1/2-1/2

[Event "Thursday 25 January Rapid Engine Tour 12+1 Rounds 9 Starts 1600 ST"]
[Site "Infinity Chess"]
[Date "2018.1.25"]
[Round "1"]
[White "angriff"]
[Black "Prometheus"]
[Result "1/2-1/2"]
[ECO "E10"]
[WhiteElo "2405"]
[BlackElo "2471"]
[WhiteEngine "Stockfish SL FA POPCNT_CTG"]
[BlackEngine "Eman 1.67-64bit-IDeA"]
[EventType "Swiss"]
[WhiteTeam ""]
[BlackTeam ""]
[PlyCount "147"]
[TimeControl "720+1"]

1. d4 Nf6 2. c4 e6 3. Nf3 d5 4. Nc3 dxc4 5. Qa4+ Nbd7 6. e4 c5 7. Bxc4 cxd4 
8. Nxd4 Bc5 9. Nb3 O-O 10. Be2 Bb6 11. Bf4 e5 12. Bg3 Qc7 13. O-O Nc5 
14. Nxc5 Qxc5 15. Rac1 Bd7 16. Qd1 Qd4 17. Bf3 Rac8 18. Rc2 Qxd1 19. Rxd1 Bd4 
20. Rcd2 Bxc3 21. bxc3 Ba4 22. Rb1 Bc6 23. Bxe5 Nxe4 24. Re2 Nxc3 25. Bxc3 Bxf3 
26. gxf3 Rxc3 27. Rxb7 Ra3 28. Ree7 a6 29. Rb6 a5 30. Kg2 Rxa2 31. Ra7 g6 
32. Rb5 a4 33. Rba5 Rb2 34. Rxa4 Kg7 35. Kg3 Rc8 36. h3 Rb5 37. Rf4 Rg5+ 
38. Kh2 Rf8 39. h4 Rd5 40. Kg3 Rc5 41. Ra6 Rfc8 42. Ra7 R8c7 43. Rxc7 Rxc7 
44. Ra4 Re7 45. Ra5 Kf6 46. f4 Rb7 47. Kg2 Rc7 48. Kg3 Rc2 49. f3 Rc3 
50. Ra6+ Kf5 51. Ra5+ Ke6 52. Ra6+ Kd5 53. f5 gxf5 54. Rf6 Rc4 55. Rxf7 Ke6 
56. Rxh7 Kf6 57. f4 Rc1 58. h5 Rc3+ 59. Kf2 Rc1 60. Rh6+ Kf7 61. Ra6 Kg7 
62. h6+ Kh7 63. Kf3 Rh1 64. Rb6 Ra1 65. Ke3 Ra3+ 66. Kd2 Ra1 67. Rb5 Ra3 
68. Ke2 Ra1 69. Kd3 Ra2 70. Re5 Ra1 71. Rxf5 Ra3+ 72. Kc4 Kxh6 73. Kd4 Ra1 
74. Rg5 1/2-1/2

[Event "Thursday 25 January Rapid Engine Tour 12+1 Rounds 9 Starts 1600 ST"]
[Site "Infinity Chess"]
[Date "2018.1.25"]
[Round "1"]
[White "Wolle"]
[Black "neófito"]
[Result "1/2-1/2 "]
[ECO "B90"]
[WhiteElo "2469"]
[BlackElo "2404"]
[WhiteEngine "Raubfisch X37a2_CTG"]
[BlackEngine "BrainFish_180124_x64_bmi2"]
[EventType "Swiss"]
[WhiteTeam ""]
[BlackTeam ""]
[PlyCount "205"]
[TimeControl "720+1"]

1. e4 c5 2. Nf3 d6 3. d4 cxd4 4. Nxd4 Nf6 5. Nc3 a6 6. Be3 e5 7. Nb3 Be6 
8. h3 Be7 9. f4 Nbd7 10. f5 Bxb3 11. axb3 Rc8 12. Bd3 d5 13. exd5 Bb4 
14. O-O O-O 15. Bf2 Nc5 16. Be2 Qd6 17. Kh2 Ncd7 18. Na2 Bc5 19. Bg3 Nxd5 
20. c4 N5f6 21. Qxd6 Bxd6 22. Rfd1 Be7 23. b4 Rfd8 24. c5 a5 25. bxa5 Nxc5 
26. Bxe5 Nb3 27. a6 bxa6 28. Rxd8+ Rxd8 29. Rd1 a5 30. Nc3 Nc5 31. Bc7 Rxd1 
32. Bxd1 Nd3 33. Na4 Nd5 34. Bxa5 Bf6 35. Bc3 Nxc3 36. bxc3 g6 37. fxg6 Be5+ 
38. Kg1 hxg6 39. Be2 Nf4 40. Kf2 f5 41. Ba6 Kf8 42. Bb7 Ke7 43. Ke3 Kf6 
44. Kf3 Ne6 45. Bc8 Nc7 46. Ke3 Nd5+ 47. Kd2 Nf4 48. Bb7 Kg5 49. c4 Bd4 
50. Nc3 Kf6 51. Nd5+ Nxd5 52. Bxd5 Bc5 53. Kc3 Ke5 54. Kb3 g5 55. Ka4 Bf8 
56. Ka5 f4 57. Kb6 Kd4 58. Kb5 Bd6 59. Kc6 Bc5 60. Be6 Bb4 61. Bd5 Ba3 
62. Bf7 Bb4 63. Be6 Bc5 64. Kd7 Ke5 65. Kc6 Kd4 66. Kb5 Ba3 67. Bg4 Bc5 
68. Be6 Be7 69. Bg8 Bd6 70. Bd5 Be7 71. Bf7 Bd6 72. Bd5 Bc5 73. Bf7 Ba3 
74. Ka4 Bd6 75. Kb5 Bf8 76. Bg6 Bd6 77. Be8 Bc5 78. Bc6 Be7 79. Bf3 Ba3 
80. Bg4 Bc5 81. Bd7 Ba3 82. Bc8 Be7 83. Be6 Ke5 84. Bd5 Kd4 85. Kc6 Bb4 
86. Kd7 Ke5 87. Kc6 Kd4 88. Kb6 Be7 89. Bg8 Bc5+ 90. Ka5 Be7 91. Kb5 Bc5 
92. Kc6 Bb4 93. Kd7 Ke5 94. Be6 Bc5 95. Bf7 Bb4 96. Kc8 Bc5 97. Bd5 Kd6 
98. Ba8 Bf2 99. Bd5 Bc5 100. Kd8 Bb6+ 101. Ke8 Bd4 102. Bb7 Be3 103. Ba6 1/2-1/2